[Event "Early-Titled-Tuesday-Blitz-September-12-2023"]
[Site "Chess.com"]
[Date "2023.09.12"]
[Round "3"]
[White "itsdsyr"]
[Black "ChessTankMan"]
[Result "1-0"]
[WhiteElo "2215"]
[BlackElo "2519"]
[TimeControl "180+1"]
[EndTime "8:28:38 PDT"]
[Termination "itsdsyr won by checkmate"]

1. d4 Nf6 2. c4 e6 3. Nf3 d5 4. Nc3 c6 5. cxd5 exd5 6. Bg5 h6 7. Bh4 Qb6 8. Qb3 Ne4 9. e3 Bb4 10. Rc1 Bf5 11. Be2 Nd7 12. O-O Bd6 13. Bg3 Be7 14. Rfd1 O-O 15. Ne5 Nxg3 16. hxg3 Nxe5 17. dxe5 Qxb3 18.
axb3 Rfe8 19. f4 Bc5 20. Kf2 Bb6 21. Na4 Bc7 22. Bd3 Bxd3 23. Rxd3 f6 24. exf6 gxf6 25.
Nc5 Rab8 26. Nd7 Kf7 27. Nxb8 Rxb8 28. e4 Bb6+ 29. Kf3 dxe4+ 30. Kxe4 Re8+ 31. Kf3 f5 32. Rcd1 Re4 33. Rd7+ Ke8 34. R1d3 Re1 35. Rh7 Rf1+ 36. Ke2 Rf2+ 37. Kd1 Rxg2 38. Rdd7 Rxb2 39. Rxb7 Rb1+ 40. Kc2 Rg1 41. Rb8+ Bd8 42. Rh8+ Ke7 43. Rhxd8 Rg2+ 44. Kc3 Rxg3+ 45. Kc4 Rf3 46. Rdc8 Rxf4+ 47. Kc5 h5 48. Rb7+ Ke6 49. Rxc6+ Ke5 50. Re7# 1-0

[Event "Early-Titled-Tuesday-Blitz-September-12-2023"]
[Site "Chess.com"]
[Date "2023.09.12"]
[Round "3"]
[White "FGHSMN"]
[Black "DefiantChair"]
[Result "1-0"]
[WhiteElo "2902"]
[BlackElo "2681"]
[TimeControl "180+1"]
[EndTime "8:28:39 PDT"]
[Termination "FGHSMN won by resignation"]

1. e4 c5 2. Nf3 d6 3. d4 cxd4 4. Nxd4 Nf6 5. Nc3 a6 6. h3 e5 7. Nf3 h6 8. Bc4 Be7 9. Be3 O-O 10. O-O Be6 11. Bb3 Nc6 12. Re1 b5 13. Nd5 Rc8 14. a4 Bxd5 15. Bxd5 Nb4 16. Bb3 Nxe4 17. c3 Nc6 18.
axb5 axb5 19. Bxh6 Nxf2 20. Kxf2 gxh6 21. Qd3 Qb6+ 22. Kf1 Kg7 23. Qf5 Na5 24. Bc2 Rg8 25. Re4 Rc4 26. Rxc4 Nxc4 27. Qh7+ Kf8 28. Qxh6+ Ke8 29.
Ra8+ Bd8 30. Be4 Ne3+ 31. Ke2 Rxg2+ 32. Kd3 Nc4 33. Qh8+ Ke7 34. Qh4+ Ke8 35. Rxd8+ Qxd8 36. Bc6+ Qd7 37. Bxd7+ Kxd7 38. b3 Nb2+ 39. Ke4 Ke6 40. Qh6+ f6 41. Nh4 d5+ 42. Kf3 Rc2 43. Qe3 d4 44.
cxd4 Nd1 45. d5+ Kd6 46. Qb6+ Kxd5 47. Qxb5+ Kd4 48. Qd7+ Kc3 49. Qxd1 Rd2 50. Qxd2+ Kxd2 51. Nf5 1-0

[Event "Early-Titled-Tuesday-Blitz-September-12-2023"]
[Site "Chess.com"]
[Date "2023.09.12"]
[Round "3"]
[White "Willychess95"]
[Black "MdImranCM"]
[Result "1/2-1/2"]
[WhiteElo "2700"]
[BlackElo "2493"]
[TimeControl "180+1"]
[EndTime "8:28:39 PDT"]
[Termination "Game drawn by repetition"]

1. e4 c5 2. Nf3 Nc6 3. d4 cxd4 4. Nxd4 Qc7 5. Be2 e6 6. O-O a6 7. c4 Bc5 8. Nc2 Nf6 9. Nc3 O-O 10. b3 b6 11. Bb2 Bb7 12. Rc1 Rac8 13. Kh1 Qb8 14. Ne1 Rfd8 15. Nd3 Bd4 16. f4 Bxc3 17. Bxc3 Nxe4 18.
Ba1 d5 19. cxd5 Rxd5 20. Bf3 f5 21. Bxe4 fxe4 22. Qg4 Qc7 23. Qxe6+ Qf7 24. Qxe4 Re8 25. Qf3 Nd4 26. Qg4 h5 27. Qh4 Nf5 28. Qf2 Rxd3 29. Qxb6 Re2 30. Rg1 Rxg2 31. Rxg2 Bxg2+ 32. Kxg2 Qd5+ 33. Kg1 Rd2 34. Qg6 Rd1+ 35. Rxd1 Qxd1+ 36. Kf2 Qd2+ 37. Kg1 Qe3+ 38. Kh1 Qf3+ 39. Kg1 Qe3+ 40. Kh1 Qxf4 41. Qe8+ Kh7 42. Qxh5+ Kg8 43. Qe8+ Kh7 44. Qe1 Qf3+ 45. Kg1 Ne3 46. Qh4+ Kg8 47. Qd8+ Kh7 48. Qh4+ Kg8 49. Qd8+ Kf7 50. Qd7+ Kg6 51. Qxg7+ Kh5 52. Qh7+ Kg5 53.
Qg7+ Kh5 54. Qh8+ Kg5 55. Qe5+ Kh6 56. Qg7+ Kh5 1/2-1/2

[Event "Early-Titled-Tuesday-Blitz-September-12-2023"]
[Site "Chess.com"]
[Date "2023.09.12"]
[Round "3"]
[White "Machteld145"]
[Black "Egor_Koshulyan"]
[Result "0-1"]
[WhiteElo "2495"]
[BlackElo "2737"]
[TimeControl "180+1"]
[EndTime "8:28:41 PDT"]
[Termination "Egor_Koshulyan won by resignation"]

1. e4 c5 2. Nf3 Nc6 3. d4 cxd4 4. Nxd4 Nf6 5. Nc3 e5 6. Ndb5 d6 7. Bg5 a6 8. Na3 Be6 9. Nd5 Be7 10. Bxf6 Bxf6 11. Be2 O-O 12. O-O Bg5 13. c3 Kh8 14. Nc4 b5 15. Nce3 Ne7 16. a4 bxa4 17. Qxa4 Bxd5 18. Nxd5 Nxd5 19. exd5 f5 20. Bxa6 e4 21. Qd4 Bf6 22. Qd2 Be5 23. Be2 f4 24. Rxa8 Qxa8 25. Bg4 Qa4 26. g3 fxg3 27. fxg3 Rb8 28. Qe2 g6 29. Re1 Rf8 30. Qxe4 Qb3 31. Qe2 Qxd5 32. Rf1 Qc5+ 33. Kg2 Rb8 34. Be6 Qc6+ 35. Rf3 Qb6 36. b4 Qc6 37. Qd3 Re8 38. Bd5 Qa4 39. b5 Qa1 40. b6 Qb2+ 41. Rf2 Qxb6 42. Qf3 Qc5 43. Qf7 Rc8 44. Qe6 Qxc3 45. Rf7 Qc5 46. Qd7 Qc2+ 47.
Kh3 Bg7 48. Rxg7 g5 49. Rxh7+ Qxh7+ 50. Qxh7+ Kxh7 51. Kg4 Kg6 52. Be4+ Kf6 53. h4 gxh4 54. gxh4 Rc4 55. Kf3 Ke5 56. Bg6 Rxh4 0-1

[Event "Early-Titled-Tuesday-Blitz-September-12-2023"]
[Site "Chess.com"]
[Date "2023.09.12"]
[Round "3"]
[White "F-Ghaith2021"]
[Black "LoydBlankenship"]
[Result "0-1"]
[WhiteElo "2276"]
[BlackElo "2639"]
[TimeControl "180+1"]
[EndTime "8:28:42 PDT"]
[Termination "LoydBlankenship won by checkmate"]

1. e4 e6 2. d4 d5 3. exd5 exd5 4. Bd3 Nc6 5. c3 Bd6 6. Nf3 Bg4 7. b4 Nge7 8. a4 f6 9. b5 Na5 10. Ba3 O-O 11.
O-O Bxa3 12. Nxa3 Qd6 13. Nc2 Rae8 14. Ne3 Bh5 15. Re1 Qf4 16. Be2 c6 17. g3 Qd6 18.
Nh4 Bxe2 19. Qxe2 g6 20. Qd3 Kf7 21. Rab1 b6 22. Nhg2 Nc8 23. Nf4 Ne7 24. h4 Rd8 25.
Ng4 Rfe8 26. Ne6 Rd7 27. Nd8+ Rdxd8 28. h5 Nf5 29. Kg2 Nc4 30. Rh1 Re4 31. hxg6+ hxg6 32.
bxc6 Kg7 33. Nh2 Rh8 34. Nf3 Rxh1 35. Rxh1 Qxc6 36. Qd1 Qe6 37. Qc1 g5 38. Rh5 Rg4 39.
Qh1 Nce3+ 40. Kg1 Qg8 41. fxe3 Nxg3 42. Qg2 Qe6 43. Qh3 Qxe3+ 44. Kg2 Qe2+ 45. Kg1 Qe3+ 46. Kg2 Qe2+ 47. Kg1 Qd1+ 48. Kg2 Qc2+ 49. Kg1 Qg6 50. Qxg4 Nxh5 51. Qd7+ Qf7 52. Qd6 Nf4 53. Kf2 Qe6 54. Qc7+ Kg6 55. Qd8 Qe2+ 56. Kg1 Qg2# 0-1

[Event "Early-Titled-Tuesday-Blitz-September-12-2023"]
[Site "Chess.com"]
[Date "2023.09.12"]
[Round "3"]
[White "GaalZsoka"]
[Black "DumbKing75"]
[Result "0-1"]
[WhiteElo "2479"]
[BlackElo "2660"]
[TimeControl "180+1"]
[EndTime "8:28:42 PDT"]
[Termination "DumbKing75 won by resignation"]

1. Nf3 Nf6 2. g3 g6 3. b3 Bg7 4.
Bb2 O-O 5. Bg2 d6 6. d4 a5 7. a4 e5 8. dxe5 Nfd7 9. O-O Nxe5 10. Nxe5 Bxe5 11. Bxe5 dxe5 12. Nd2 c6 13. Nc4 Qc7 14.
Qc1 Be6 15. Qe3 Bxc4 16. bxc4 Rd8 17. Rab1 Na6 18. c3 Rd7 19. Bh3 Rdd8 20. Rb2 Qe7 21. f4 Qc5 22. Rf3 Rd1+ 23. Kf2 e4 24. Qxc5 Nxc5 25.
Re3 Rad8 26. f5 Kg7 27. g4 Kf6 28. fxg6 hxg6 29. Bg2 Ke5 30. h4 Kf4 31. h5 gxh5 32. gxh5 f5 33. Rh3 Rh8 34. h6 Rd6 35. e3+ Ke5 36. Kg3 Rg6+ 37. Kh2 Rhxh6 38. Rd2 Rxh3+ 39. Bxh3 Rd6 40. Rf2 Rf6 41. Rg2 Nxa4 42. Rg7 b6 43.
Re7+ Kd6 44. Re8 Nxc3 45. Rd8+ Kc5 46. Re8 Kxc4 47. Re5 Nd5 48. Bxf5 Nxe3 49. Bxe4 Ng4+ 50. Kg3 Nxe5 0-1

[Event "Early-Titled-Tuesday-Blitz-September-12-2023"]
[Site "Chess.com"]
[Date "2023.09.12"]
[Round "3"]
[White "VOneChess"]
[Black "Ermito2020"]
[Result "0-1"]
[WhiteElo "2252"]
[BlackElo "2554"]
[TimeControl "180+1"]
[EndTime "8:28:45 PDT"]
[Termination "Ermito2020 won by checkmate"]

1. e4 e6 2. d4 d5 3. Nd2 Be7 4. Ngf3 Nf6 5. e5 Nfd7 6. Bd3 c5 7. c3 Nc6 8. O-O g5 9. h3 h5 10. dxc5 g4 11. Nh2 Ndxe5 12. Be2 Bxc5 13. Kh1 gxh3 14. g3 Bd7 15. f4 Ng4 16. Nxg4 hxg4 17. Bxg4 Qf6 18.
Nb3 Bb6 19. f5 e5 20. a4 a6 21. a5 Ba7 22. Kh2 O-O-O 23. Qxd5 Be6 24. fxe6 Qxf1 25.
e7+ Kb8 26. exd8=Q+ Rxd8 27. Qf3 Bg1+ 28. Kh1 Bf2+ 29.
Kh2 Qg1+ 30. Kxh3 Rh8+ 31. Bh5 Rxh5+ 32. Kg4 Rh8 33. Bg5 Qh2 34. Bh4 Rxh4+ 35. gxh4 Qxh4+ 36. Kf5 Ne7+ 37. Kxe5 Bg3+ 38. Qxg3 Qxg3+ 39. Kd4 Qd6+ 40. Kc4 Qd5+ 41. Kb4 Nc6+ 42. Ka3 Nxa5 43. Nd4 Qc5+ 44. b4 Qxc3+ 45. Ka2 Qxb4 46. Rb1 Qa4+ 47. Kb2 Qxd4+ 48. Ka3 Nc4+ 49. Ka2 f5 50. Rb3 f4 51.
Kb1 Nd2+ 52. Kc2 Nxb3 53. Kxb3 f3 54. Kc2 f2 55. Kb3 f1=Q 56. Ka2 Qfc4+ 57. Kb1 Qd1+ 58.
Kb2 Qd2+ 59. Kb1 Qcc1# 0-1

[Event "Early-Titled-Tuesday-Blitz-September-12-2023"]
[Site "Chess.com"]
[Date "2023.09.12"]
[Round "3"]
[White "KorolDimitriy75"]
[Black "arminmusovic"]
[Result "1/2-1/2"]
[WhiteElo "2370"]
[BlackElo "2554"]
[TimeControl "180+1"]
[EndTime "8:28:46 PDT"]
[Termination "Game drawn by repetition"]

1. d4 d5 2. c4 c5 3. Nc3 cxd4 4.
Qxd4 Nc6 5. Qxd5 Be6 6. Qb5 a6 7. Qa4 Nf6 8. Nf3 Nd7 9. e3 Nb6 10.
Qb3 Na5 11. Qc2 Naxc4 12. Be2 g6 13. Nd4 Bd7 14. b3 Nd6 15. Bb2 Bg7 16. O-O Rc8 17. Rac1 O-O 18. Rfd1 Qc7 19. Qb1 Qb8 20. h3 Rfd8 21. Bf3 Qa7 22. Nd5 Nxd5 23. Bxd5 e6 24. Bf3 Qb8 25. Ne2 Bb5 26. Bxg7 Kxg7 27. Rxc8 Qxc8 28. Nd4 Be8 29. Qb2 Kg8 30. Rc1 Qb8 31. Ne2 Nf5 32. g3 Qd6 33. Kg2 h5 34. h4 Qe7 35.
Qe5 Rd2 36. Rc7 Qd8 37. Rxb7 Rxe2 38. Bxe2 Bc6+ 39. Bf3 Bxb7 40. Bxb7 Qe7 41. Bxa6 f6 42. Qb5 Qd6 43. Qb7 Qe5 44. Bc4 Kh8 45. Qd7 Qe4+ 46. Kh2 Qf3 47. Qe8+ Kh7 48. Qf7+ Ng7 49. Bxe6 Qxf2+ 50. Kh3 Qf1+ 51. Kh2 Qe2+ 52. Kh3 Qf1+ 53. Kh2 Qf2+ 54.
Kh3 Qf1+ 1/2-1/2

[Event "Early-Titled-Tuesday-Blitz-September-12-2023"]
[Site "Chess.com"]
[Date "2023.09.12"]
[Round "3"]
[White "ArtemDyachuk"]
[Black "Vision_64"]
[Result "1-0"]
[WhiteElo "2555"]
[BlackElo "2342"]
[TimeControl "180+1"]
[EndTime "8:28:47 PDT"]
[Termination "ArtemDyachuk won on time"]

1. e4 e6 2. d4 d5 3. e5 Bd7 4. Nf3 a6 5. Nbd2 Bb5 6. Bxb5+ axb5 7. h4 Ne7 8. Nf1 Nf5 9. g4 Ne7 10. Ng3 Nd7 11. Qd3 c6 12. Ng5 h6 13. Nh7 Nb6 14. Nh5 Kd7 15. Rh3 Kc7 16. Nxf8 Qxf8 17. Bd2 Ng6 18. f4 Nc4 19. f5 Nxd2 20. Kxd2 Qb4+ 21. Qc3 Qxc3+ 22. bxc3 Ne7 23. Rf1 exf5 24. gxf5 Rhg8 25. Rg3 Rxa2 26. f6 gxf6 27. Rxg8 Nxg8 28. Rg1 Ne7 29. Rg7 Ng6 30. Rxf7+ Kb6 31. Rxf6 Nxh4 32. Rxh6 Nf3+ 33. Ke3 Ne1 34. e6 Nxc2+ 35. Kf4 Ra1 36. e7 Re1 37. Rh7 Na3 38. Nf6 Nc4 39. e8=Q Rxe8 40.
Nxe8 Ka5 41. Rxb7 Ka4 42. Nf6 Kb3 43. Rc7 Kxc3 44. Rxc6 b4 45. Nxd5+ Kxd4 46. Nxb4 Nd2 47. Rd6+ Kc3 48. Rd3+ Kxb4 49. Rxd2 1-0

[Event "Early-Titled-Tuesday-Blitz-September-12-2023"]
[Site "Chess.com"]
[Date "2023.09.12"]
[Round "3"]
[White "jens1102"]
[Black "Sanan_Sjugirov"]
[Result "0-1"]
[WhiteElo "2687"]
[BlackElo "2917"]
[TimeControl "180+1"]
[EndTime "8:28:49 PDT"]
[Termination "Sanan_Sjugirov won by resignation"]

1. c4 e6 2. Nf3 d5 3. e3 Nf6 4. b3 b6 5. Bb2 Bb7 6. d4 Bd6 7. Bd3 O-O 8. O-O Nbd7 9. Nc3 a6 10.
Qc2 Re8 11. e4 dxc4 12. Bxc4 b5 13. Bd3 e5 14. Rfe1 Qe7 15. Nd5 Bxd5 16. dxe5 Nxe5 17. Nxe5 Bxe5 18. exd5 Qd6 19. Bxe5 Rxe5 20. Rxe5 Qxe5 21.
Rc1 Qxd5 22. Be2 Qe5 23. Bf3 Re8 24. g3 Re7 25. Qc6 Qb2 26. Rd1 h5 27. Qxa6 Qc3 28.
Qc8+ Kh7 29. Qf5+ g6 30. Qd3 Qa5 31. Kg2 Qxa2 32. Qxb5 Qb2 33. Qc4 Kg7 34. h4 Qa3 35. b4 Qa4 36. Qd4 Rd7 37. Qa1 Qb5 38. Rxd7 Qxd7 39. Qc3 Qd6 40. Qc5 Qxc5 41. bxc5 Nd7 42. c6 Ne5 43. Be4 Kf6 44. f4 Nc4 45. Kf3 Nd2+ 46.
Ke3 Nxe4 47. Kxe4 Ke6 48. Kd4 Kd6 49. Ke4 Kxc6 50. g4 hxg4 51. f5 Kd6 52. fxg6 fxg6 53. Kf4 c5 54. Kxg4 c4 55. Kf3 Kc5 56. Ke4 Kb4 57.
Ke5 c3 58. Kf6 c2 59. Kxg6 c1=Q 0-1

[Event "Early-Titled-Tuesday-Blitz-September-12-2023"]
[Site "Chess.com"]
[Date "2023.09.12"]
[Round "3"]
[White "ChessQueen"]
[Black "DeArron_Fox"]
[Result "1/2-1/2"]
[WhiteElo "2731"]
[BlackElo "2505"]
[TimeControl "180+1"]
[EndTime "8:28:50 PDT"]
[Termination "Game drawn by repetition"]

1. Nf3 d5 2. g3 Nf6 3. Bg2 e6 4.
O-O Be7 5. b3 O-O 6. Bb2 b6 7.
c4 Bb7 8. cxd5 Nxd5 9. d4 Nd7 10. Re1 c5 11. e4 N5f6 12. Nc3 cxd4 13. Nxd4 Ne5 14.
Na4 Qb8 15. f4 Nc6 16. Qe2 Rd8 17. Rad1 Nxd4 18. Bxd4 Qc8 19. Kh1 Qc6 20. Rc1 Qe8 21.
Bb2 Rac8 22. Nc3 Nd7 23. Nb5 Nc5 24. Red1 Rxd1+ 25. Rxd1 a6 26. Nc3 Rd8 27. h4 h6 28.
Kh2 b5 29. Ba1 b4 30. Na4 Rxd1 31. Qxd1 Nxa4 32. bxa4 Qc8 33. Qg4 Bf8 34. Qe2 Qc6 35. Qb2 Qc4 36. Qb3 Qxb3 37. axb3 Be7 38. e5 Bxg2 39. Kxg2 Kf8 40. Kf3 Ke8 41. Ke4 Kd7 42. Kd4 Kc6 43. Kc4 g6 44. Bd4 h5 45. Be3 Bf8 46. Bd2 a5 47. Be3 Be7 48. Bd4 Bf8 49. Ba7 Be7 50. Bd4 Bf8 51. Kd3 Be7 52. Ke4 Bf8 53. Be3 Be7 54. Bd4 Bd8 55. Be3 Bb6 56. Bxb6 Kxb6 57. Kd4 Kc6 58. Kc4 Kb6 59. Kd4 Kc6 60. Kc4 Kb6 61. Kd4 1/2-1/2

[Event "Early-Titled-Tuesday-Blitz-September-12-2023"]
[Site "Chess.com"]
[Date "2023.09.12"]
[Round "3"]
[White "FoxOnTheRun97"]
[Black "pirulillo"]
[Result "1-0"]
[WhiteElo "2548"]
[BlackElo "2305"]
[TimeControl "180+1"]
[EndTime "8:28:52 PDT"]
[Termination "FoxOnTheRun97 won on time"]

1. d4 Nf6 2. Bg5 Ne4 3. h4 c5 4. d5 h6 5. Bc1 d6 6. Nd2 Bf5 7.
Nxe4 Bxe4 8. f3 Bh7 9. e4 a6 10. a4 e6 11. Bc4 e5 12. g4 Be7 13. h5 Bh4+ 14. Kf1 O-O 15. Kg2 Nd7 16. Be3 Bg5 17.
Qd2 f6 18. Ne2 Qc7 19. c3 Rfc8 20. Rhb1 Kh8 21. Qd3 Rab8 22. Bf2 Nb6 23. a5 Nxc4 24.
Qxc4 Bg8 25. b3 Bf7 26. Qd3 Be8 27. c4 b5 28. axb6 Rxb6 29. Ra3 Rcb8 30. Rba1 a5 31. Be1 a4 32. Ba5 axb3 33. Bxb6 Qxb6 34. Rb1 b2 35. Qc2 Qb4 36. Ra2 Bc1 37. Nxc1 bxc1=Q 38. Rxc1 Kh7 39. Raa1 Qb7 40. Rcb1 Qc8 41. Rxb8 Qxb8 42. Ra5 Qb4 43. Ra7 Qe1 44. Qf2 Qc3 45. Re7 Ba4 46. Qa2 Bb3 47.
Qf2 Bxc4 48. Rd7 Bd3 49. Rxd6 Qb4 50. Rc6 c4 51. d6 c3 52. d7 Qe7 53. Rxc3 Qxd7 54.
Ra3 1-0

[Event "Early-Titled-Tuesday-Blitz-September-12-2023"]
[Site "Chess.com"]
[Date "2023.09.12"]
[Round "3"]
[White "Mesa_1"]
[Black "cthulhuuu"]
[Result "0-1"]
[WhiteElo "2612"]
[BlackElo "2467"]
[TimeControl "180+1"]
[EndTime "8:28:53 PDT"]
[Termination "cthulhuuu won on time"]

1. e4 d6 2. d4 Nf6 3. Nc3 c6 4. Nf3 Bg4 5. h3 Bh5 6. Qe2 e6 7. g4 Bg6 8. h4 h5 9. g5 Nfd7 10.
d5 e5 11. Bh3 Be7 12. Be3 O-O 13. O-O-O c5 14. Nd2 a6 15. f4 exf4 16. Bxf4 Ne5 17.
Bxe5 dxe5 18. Nf3 Bd6 19. Bf5 b5 20. Qe3 Nd7 21. Ne2 Nb6 22. Kb1 Nc4 23. Qc1 Qa5 24.
Ng3 Nb6 25. Rhe1 c4 26. c3 b4 27. cxb4 Bxb4 28. Nxe5 Bxe1 29. Rxe1 Rab8 30. Nc6 Qc5 31.
Nxb8 Rxb8 32. Qe3 Qb4 33. Bxg6 fxg6 34. Qc3 Qc5 35. Qc2 Qb4 36. Re3 Na4 37. b3 Nc5 38.
Kb2 cxb3 39. axb3 Qd4+ 40. Rc3 Na4+ 41. Ka3 Nxc3 42. d6 Qb4+ 43. Kb2 Na4+ 44. Ka2 Nc3+ 45. Kb2 Nxe4 46. d7 Qd4+ 47. Ka2 Qxd7 48. Nxe4 Qe6 49. Nc5 Qd5 50. Qc3 Rc8 0-1

[Event "Early-Titled-Tuesday-Blitz-September-12-2023"]
[Site "Chess.com"]
[Date "2023.09.12"]
[Round "3"]
[White "Murad_Ibrahimli"]
[Black "Eagle_2019"]
[Result "1-0"]
[WhiteElo "2911"]
[BlackElo "2682"]
[TimeControl "180+1"]
[EndTime "8:28:54 PDT"]
[Termination "Murad_Ibrahimli won on time"]

1. e4 c5 2. Nf3 Nc6 3. Bc4 e6 4. O-O Nf6 5. e5 Ng4 6. Re1 d6 7. Bb5 Bd7 8. exd6 Bxd6 9. Nc3 a6 10. Bf1 Qc7 11. g3 Nge5 12. Bg2 O-O 13. Nxe5 Bxe5 14. d3 Rad8 15. Ne4 Nd4 16. c3 Nf5 17. a4 Bc6 18. Qe2 b6 19. h4 Nd6 20. Ng5 Bxg2 21.
Kxg2 Bf6 22. Nf3 Qc6 23. Kh2 b5 24. axb5 axb5 25. Bg5 Ne8 26. Ra7 b4 27. Ne5 Qd5 28. c4 Qd6 29. Bf4 Bxe5 30. Bxe5 Qxd3 31. Qxd3 Rxd3 32.
Ra5 f6 33. Bf4 Rb3 34. Re2 e5 35. Be3 Nc7 36. Rxc5 Ne6 37. Rb5 Rc8 38. c5 Nc7 39.
Ra5 Nd5 40. Bc1 Ne7 41. Be3 Nd5 42. Bc1 Ne7 43. Kg2 Nc6 44. Ra6 Nd4 45. Re4 Rxc5 46. Be3 Rd5 47. Ra8+ Kf7 48. Ra7+ Kf8 49. Rg4 Nf5 50. Bb6 Rxb2 51. Rc4 Ne7 52. Rcc7 Nf5 53. Rc8+ 1-0

[Event "Early-Titled-Tuesday-Blitz-September-12-2023"]
[Site "Chess.com"]
[Date "2023.09.12"]
[Round "3"]
[White "Tejas_Rama"]
[Black "stollenmonster"]
[Result "1/2-1/2"]
[WhiteElo "2520"]
[BlackElo "2828"]
[TimeControl "180+1"]
[EndTime "8:28:54 PDT"]
[Termination "Game drawn by stalemate"]

1. d4 Nf6 2. c4 e6 3. Nf3 d5 4. Nc3 Ne4 5. Nxe4 dxe4 6. Ng5 f5 7. Nh3 c5 8. dxc5 Qa5+ 9. Bd2 Qxc5 10. b4 Qc7 11. e3 Be7 12. Bc3 O-O 13. Be2 Nc6 14. Qb3 Ne5 15. O-O Bf6 16. Rac1 b6 17. c5 bxc5 18.
Nf4 c4 19. Bxe5 Bxe5 20. Bxc4 Bxf4 21. Bxe6+ Bxe6 22. Qxe6+ Qf7 23. Qxf7+ Rxf7 24. exf4 Rb7 25. Rc4 a5 26. a3 axb4 27. axb4 Ra4 28. Rb1 Kf7 29. g3 h6 30. Kg2 Kg6 31. Rc6+ Kh7 32. b5 Ra2 33. Kg1 Rd7 34. Rcc1 Rdd2 35. Rf1 e3 36. b6 Ra8 37. b7 Rb8 38. fxe3 Rd7 39.
Rb5 Rbxb7 40. Rxf5 Rd3 41. Re5 Kg6 42. Re6+ Kf5 43.
Re5+ Kg4 44. Kg2 Rd2+ 45. Rf2 Rxf2+ 46. Kxf2 Rb2+ 47. Kg1 Kf3 48. h4 Kxg3 49. Kf1 Kxh4 50. Re7 g5 51. fxg5 hxg5 52. e4 Kg4 53. e5 Kf5 54. e6 Kf6 55. Re8 Rb6 56. e7 Re6 57.
Kf2 Kf7 58. Rh8 Rxe7 59. Rh7+ Kf6 60. Rxe7 Kxe7 61. Kf3 Kf6 62. Kg4 Kg6 63. Kg3 Kf5 64. Kf3 g4+ 65. Kg3 Kg5 66. Kg2 Kf4 67. Kf2 g3+ 68. Kg2 Kg4 69. Kg1 Kf3 70. Kf1 g2+ 71. Kg1 Kg3 1/2-1/2

[Event "Early-Titled-Tuesday-Blitz-September-12-2023"]
[Site "Chess.com"]
[Date "2023.09.12"]
[Round "3"]
[White "DTChess"]
[Black "Doomfist26"]
[Result "1-0"]
[WhiteElo "2488"]
[BlackElo "2630"]
[TimeControl "180+1"]
[EndTime "8:28:54 PDT"]
[Termination "DTChess won by resignation"]

1. e4 e6 2. d4 d5 3. Nc3 Nf6 4. e5 Nfd7 5. f4 c5 6. Nf3 Nc6 7. Be3 Be7 8. Qd2 O-O 9. Be2 a6 10.
O-O b5 11. Nd1 cxd4 12. Nxd4 Bb7 13. Nf2 Rc8 14. c3 Nb6 15. b3 b4 16. cxb4 Nxb4 17. Rac1 Nd7 18. a3 Nc6 19. Nxc6 Rxc6 20. b4 Qa8 21. Bd4 a5 22. Bb5 Rxc1 23. Rxc1 Nb8 24.
Bd3 Nc6 25. Bc5 Bxc5 26. bxc5 Rc8 27. Bb1 Ne7 28. Qd3 Ng6 29. Qg3 d4 30. h4 Nf8 31.
h5 Qa7 32. h6 Ng6 33. hxg7 Rxc5 34. Rd1 Rc3 35. Qg5 d3 36. Bxd3 Bd5 37. f5 exf5 38. Bxf5 Qc5 39. Qd8+ Kxg7 40. Qxd5 Qxd5 41. Rxd5 Nf4 42.
Rd7 Ne2+ 43. Kh2 Kf8 44. Bxh7 Ng3 45. Rd1 Nh5 46. Be4 Rxa3 47. Bf3 Nf4 48. Rd7 Ne6 49. Bd5 Ng5 50. Ng4 Rd3 51. Nf6 Kg7 52. Rd8 Kg6 53.
Be4+ Nxe4 54. Rxd3 Nxf6 55. exf6 Kxf6 56. Ra3 Ke5 57.
Rxa5+ Kf4 58. Ra7 f5 59. Rf7 Kg4 60. Kg1 f4 61. Kf2 Kg5 62. Rf8 Kg4 63. Rg8+ Kf5 64. Kf3 Ke5 65. Rf8 Ke6 66. Rxf4 1-0

[Event "Early-Titled-Tuesday-Blitz-September-12-2023"]
[Site "Chess.com"]
[Date "2023.09.12"]
[Round "3"]
[White "WindWhistler11"]
[Black "Forge13"]
[Result "1-0"]
[WhiteElo "2488"]
[BlackElo "2629"]
[TimeControl "180+1"]
[EndTime "8:28:54 PDT"]
[Termination "WindWhistler11 won on time"]

1. Nf3 Nf6 2. g3 g6 3. Bg2 Bg7 4. O-O O-O 5. c4 d6 6. Nc3 Nc6 7. d4 a6 8. e3 Rb8 9. b3 b5 10.
Nd2 Bd7 11. Bb2 e5 12. d5 Ne7 13. c5 h5 14. Nde4 Nxe4 15. Nxe4 Nf5 16. Rc1 b4 17. Re1 Bb5 18. Qd2 a5 19. a3 h4 20.
axb4 axb4 21. Qxb4 hxg3 22. hxg3 Bd3 23. Qc3 Bxe4 24. Bxe4 Ne7 25. b4 f5 26. Bg2 Rf7 27. e4 fxe4 28. Bxe4 Nf5 29. Kg2 Qf6 30. Rc2 Nd4 31. Rd2 Rbf8 32. Rh1 Qg5 33. Bc1 Qg4 34. Rh4 Qg5 35. Ra2 Qd8 36. Bh6 g5 37. Rh5 Bxh6 38.
Rxh6 Rf6 39. Rh5 R6f7 40. Qe3 Rg7 41. Ra1 Nf5 42. Bxf5 Rxf5 43. Rah1 Kf7 44. Rh6 Rf6 45. Rxf6+ Qxf6 46. Rh8 g4 47. Rc8 Kg6 48. cxd6 cxd6 49.
Rc6 Rd7 50. b5 Qf5 51. b6 Qb1 52. Rc4 Kf5 53. Qh6 Qd1 54. Qe6+ Kg5 55. Rc3 Rf7 56. Qxf7 1-0

[Event "Early-Titled-Tuesday-Blitz-September-12-2023"]
[Site "Chess.com"]
[Date "2023.09.12"]
[Round "3"]
[White "Zampronha1971"]
[Black "ErikRonka"]
[Result "1-0"]
[WhiteElo "2328"]
[BlackElo "2533"]
[TimeControl "180+1"]
[EndTime "8:28:54 PDT"]
[Termination "Zampronha1971 won by checkmate"]

1. e4 c5 2. Nf3 e6 3. d4 cxd4 4. Nxd4 Nf6 5. Nc3 d6 6. Be2 Be7 7. O-O O-O 8. Be3 Nc6 9. Nb3 a6 10. f4 b5 11. Bf3 Qc7 12. g4 Bb7 13. g5 Nd7 14. Bg2 Rfe8 15. Qg4 Bf8 16. Rae1 g6 17.
Qh4 Bg7 18. Rf3 b4 19. Ne2 f5 20. Rh3 Nf8 21. exf5 exf5 22. Bd5+ Kh8 23. Qf2 Re7 24. Bb6 Qd7 25. Ned4 Nxd4 26. Bxb7 Rxe1+ 27. Qxe1 Re8 28. Re3 Rxe3 29. Qxe3 Nxc2 30. Qf3 h6 31. Bxa6 Qe7 32. Qe2 Qd7 33. Qxc2 h5 34. Qf2 Qe6 35. Bd4 Qe4 36.
Bxg7+ Kh7 37. Bxf8 Qb1+ 38. Bf1 Qxa2 39. Nd4 Qd5 40.
Nf3 Qe4 41. Bxd6 Qb1 42. Be5 Kg8 43. Qa7 Kf8 44. Qg7+ Ke8 45. Qxg6+ Kd7 46. Qd6+ Ke8 47. g6 Qe4 48. Qe6+ Kd8 49. Qd6+ Ke8 50. Qd3 Qe3+ 51.
Qxe3 h4 52. Nxh4 b3 53. Ng2 Kd7 54. Qd3+ Kc6 55. Qxf5 Kb7 56. Qd3 Kb6 57. Qxb3+ Ka5 58. Qa3+ Kb6 59. Qb4+ Kc6 60. Bb5+ Kd5 61. Qc4# 1-0

[Event "Early-Titled-Tuesday-Blitz-September-12-2023"]
[Site "Chess.com"]
[Date "2023.09.12"]
[Round "3"]
[White "themind1hunter"]
[Black "ljm509"]
[Result "1-0"]
[WhiteElo "2558"]
[BlackElo "2348"]
[TimeControl "180+1"]
[EndTime "8:28:56 PDT"]
[Termination "themind1hunter won on time"]

1. e4 e6 2. d3 d5 3. Nc3 c5 4. g3 dxe4 5. Nxe4 Nc6 6. Bg2 Be7 7. Ne2 Nf6 8. O-O O-O 9. Be3 Nxe4 10. dxe4 Qc7 11.
c3 b6 12. f4 Ba6 13. Qe1 Rad8 14. Qf2 Rd3 15. Rfd1 Rfd8 16. Rxd3 Rxd3 17. Bf1 Rd8 18. g4 e5 19. f5 h6 20. Ng3 Bxf1 21.
Qxf1 Bg5 22. Bxg5 hxg5 23. Rd1 Na5 24. Rd5 Rxd5 25. exd5 c4 26. Ne4 f6 27. Qf3 Nb7 28. Kf2 Nc5 29. Ke2 Nd3 30. Kd2 Kf8 31. Qh3 Nf4 32. Qh8+ Kf7 33. Nxf6 Qd6 34. Qxg7+ Kxg7 35. Ne8+ Kf8 36. Nxd6 Nxd5 37. Nxc4 e4 38. Nd6 Nf6 39.
Ke3 Ke7 40. Nxe4 Nxg4+ 41. Kd4 Nxh2 42. Nxg5 Ng4 43. Ke4 Kf6 44. Nf3 Nf2+ 45. Ke3 Ng4+ 46. Kf4 Nf2 47. b3 Nd3+ 48. Ke4 Nc1 49. Nd4 Nxa2 50.
Kd3 Ke5 51. Kc4 a6 52. b4 b5+ 53. Kb3 Nc1+ 54. Kc2 Na2 55. Kb2 Nxb4 56. cxb4 Kxd4 57. f6 1-0

[Event "Early-Titled-Tuesday-Blitz-September-12-2023"]
[Site "Chess.com"]
[Date "2023.09.12"]
[Round "3"]
[White "Leonid_Starozhilov"]
[Black "Jospem"]
[Result "0-1"]
[WhiteElo "2783"]
[BlackElo "3116"]
[TimeControl "180+1"]
[EndTime "8:28:57 PDT"]
[Termination "Jospem won by resignation"]

1. e4 c5 2. Nf3 d6 3. Bb5+ Nd7 4.
O-O Nf6 5. Re1 e6 6. c4 Be7 7.
Nc3 O-O 8. Bxd7 Bxd7 9. d4 cxd4 10. Nxd4 a6 11. b3 Qa5 12. Bb2 b5 13. cxb5 axb5 14.
a4 bxa4 15. bxa4 Qb4 16. Qd2 Rfb8 17. Ndb5 Bxb5 18. axb5 Rxa1 19. Rxa1 Nxe4 20. Nxe4 Qxe4 21. Qc3 Bf8 22. Qb3 Qb7 23. Ra5 Qb6 24. Qa4 e5 25. h4 h6 26. Bc1 d5 27. h5 d4 28.
Bd2 d3 29. Qe4 Qd6 30. Ra6 Qc5 31. Qxd3 Rxb5 32. Ra1 Rb8 33. Be3 Qc6 34. Qf5 Re8 35.
Rc1 Qd6 36. Qe4 Qe6 37. Rc6 Qd7 38. Rc1 f5 39. Qc4+ Qf7 40. Qh4 f4 41. Bd2 Be7 42.
Qh3 Rd8 43. Rc8 Qd5 44. Rxd8+ Bxd8 45. Bc3 Bf6 46. Qc8+ Kf7 47. Qf5 Ke7 48. Bb4+ Kd8 49. g4 Qd1+ 50. Kg2 Qd5+ 51. Kh2 Kc7 52. Bc3 Kc6 53. Qc2 Qc5 54. Qd3 Qxf2+ 55. Kh3 Qh4+ 56. Kg2 Qxg4+ 57. Kf1 Qe6 58. Ke1 Qd5 59. Qa6+ Kd7 60. Ba5 Qc6 61. Qa7+ Ke6 62. Bd2 Qh1+ 63. Ke2 Qxh5+ 64.
Ke1 Qh4+ 0-1